 Dungeon Sprint DCSS version 0.17-a0-1534-gf98da79 (webtiles) character file.

478059 ztt the End of an Era (level 19, 207/207 HPs)
             Began as a Hill Orc Fighter on July 17, 2015.
             Was the Champion of Qazlal.
             Escaped with the Orb!
             The game lasted 00:18:05 (3635 turns).

ztt the End of an Era (Hill Orc Fighter)            Turns: 3635, Time: 00:18:05

Health: 207/207    AC: 53    Str: 42    XL:     19   Next: 68%
Magic:  40/40      EV: 17    Int: 11    God:    Qazlal [******]
Gold:   0          SH: 47    Dex: 16    Spells: 0 memorised, 53 levels left

rFire  + + +     SeeInvis +     L - +14 obsidian axe {chop, +Fly Str+3 SInv *Curse} (curse)
rCold  . . .     Clarity  .     J - +15 Maxwell's patent armour {-Cast -Tele rElec MR+ rCorr}
rNeg   + . .     SustAt   .     K - +18 shield of the gong {rElec rN+ MR+ EV-5}
rPois  .         Gourm    .     P - +1 helmet {Int+3}
rElec  +         Spirit   .     Z - +2 cloak "Dyesirgh" {rF++ MR- SInv}
rCorr  +         Warding  .     Q - +2 pair of gloves {Dex+3}
rMut   +         NoTele   +     Y - +2 pair of boots "Xozod" {Dex+3}
MR     ++...     NoCast   +     y - amulet "Pyrirphe" {rMut rF+ SInv}
Stlth  +.........               E - +6 ring of strength
                                D - +6 ring of strength

@: studying 2 skills, repel missiles, very resistant to hostile enchantments,
very unstealthy
A: no striking features
a: Upheaval, Elemental Force, Disaster Area, Renounce Religion, Evoke Flight
0: Orb of Zot


You escaped.
You worshipped Qazlal.
Qazlal was exalted by your worship.
You were not hungry.

You visited 1 branch

Inventory:

Hand weapons
 a - a +0 war axe
 L - the cursed +14 obsidian axe (weapon) {chop, +Fly Str+3 SInv *Curse}
   (You found it in the Dungeon)

   It inflicts extra damage upon your enemies.
   It affects your strength (+3).
   It lets you see invisible.
   It lets you fly.
   It may re-curse itself when equipped.
   It has a curse placed upon it.
 M - a +5 battleaxe
 N - a +5 broad axe
 O - a +9 executioner's axe of electrocution
Armour
 J - the +15 Maxwell's patent armour (worn) {-Cast -Tele rElec MR+ rCorr}
   (You found it in the Dungeon)

   It insulates you from electricity.
   It affects your resistance to hostile enchantments.
   It prevents spellcasting.
   It prevents most forms of teleportation.
   It protects you from acid and corrosion.
 K - the +18 shield of the gong (worn) {rElec rN+ MR+ EV-5}
   (You found it in the Dungeon)

   It affects your evasion (-5).
   It insulates you from electricity.
   It protects you from negative energy.
   It affects your resistance to hostile enchantments.
 P - a +1 helmet of intelligence (worn)
 Q - a +2 pair of gloves of dexterity (worn)
 Y - the +2 pair of boots "Xozod" (worn) {Dex+3}
   (You found it in the Dungeon)

   It affects your dexterity (+3).
 Z - the +2 cloak "Dyesirgh" (worn) {rF++ MR- SInv}
   (You found it in the Dungeon)

   It greatly protects you from fire.
   It affects your resistance to hostile enchantments.
   It lets you see invisible.
Jewellery
 b - an uncursed ring of ice
 c - an uncursed amulet of resist mutation
 o - the ring of Zigiriw {+Fly rC+ rN+}
   (You found it in the Dungeon)

   [ring of positive energy]

   It protects you from cold.
   It protects you from negative energy.
   It lets you fly.
 y - the amulet "Pyrirphe" (around neck) {rMut rF+ SInv}
   (You found it in the Dungeon)

   [amulet of resist mutation]

   It protects you from mutation.
   It protects you from fire.
   It lets you see invisible.
 A - the ring "Totamaiw" {rElec rF+ rC+ MR+}
   (You took it off Dispater in the Dungeon)

   [ring of protection from magic]

   It protects you from fire.
   It protects you from cold.
   It insulates you from electricity.
   It affects your resistance to hostile enchantments.
 D - a +6 ring of strength (left hand)
 E - a +6 ring of strength (right hand)
 R - the ring of Henotheism {*Contam Str+5 Int+6}
   (You found it in the Dungeon)

   [ring of strength]

   It affects your strength (+5).
   It affects your intelligence (+6).
   It causes magical contamination when unequipped.
 S - an uncursed ring of protection from cold
 T - an uncursed ring of stealth
 U - a +5 ring of strength
 V - an uncursed ring of protection from fire
 W - the amulet "Vesead" {Spirit MR+++ Str-2 Dex+4 Stlth+}
   (You took it off an orc in the Dungeon)

   [amulet of guardian spirit]

   It causes incoming damage to be split between your health and magic.
   It affects your strength (-2).
   It affects your dexterity (+4).
   It affects your resistance to hostile enchantments.
   It makes you more stealthy.
Magical devices
 F - a wand of disintegration (7)
 G - a wand of fire (5)
 H - a wand of cold (5)
 I - a wand of draining (5)
Scrolls
 k - 4 scrolls of blinking
 q - 4 scrolls of amnesia
 r - 3 scrolls of recharging
 s - 7 scrolls of fog
 t - a scroll of holy word
 u - 4 scrolls of identify
 v - 5 scrolls of remove curse
 w - 2 scrolls of fear
Potions
 d - 6 potions of might
 f - 9 potions of curing
 g - 13 potions of heal wounds
 h - 6 potions of haste
 i - 5 potions of magic
 j - 3 potions of berserk rage
 l - 2 potions of brilliance
 m - 2 potions of invisibility
 n - 4 potions of resistance
 p - 5 potions of agility
 B - a potion of cure mutation
Books
 C - a manual of Short Blades
 X - a manual of Stealth
Comestibles
 e - 5 bread rations
 x - 42 fruits
 z - 2 meat rations


   Skills:
 O Level 27 Fighting
 O Level 27 Axes
 O Level 27 Armour
 + Level 18.1 Dodging
 - Level 18.4 Stealth
 O Level 27 Shields
 * Level 17.7 Spellcasting
 O Level 27 Invocations


You had 53 spell levels left.
You didn't know any spells.

Dungeon Overview and Level Annotations

Branches:
Dungeon (1/1)

Altars:
Ashenzari
Cheibriados
Dithmenos
Elyvilon
Fedhas
Gozag
Kikubaaqudgha
Makhleb
Nemelex Xobeh
Okawaru
Qazlal
Ru
Sif Muna
Trog
Vehumet
Xom
Yredelemnul
Zin
The Shining One
Beogh
Jiyva
Lugonu


Message History

You pick up the Orb of Zot!
The Orb lets out a hideous shriek!
The lords of Pandemonium are not amused.
Beware!
Now all you have to do is get back out of the dungeon!
Unknown command.
You start resting.
A ynoxinul comes into view.
A ynoxinul is nearby!
A ynoxinul is nearby!
You slash the ynoxinul!
The ynoxinul is moderately wounded.
Visions of slaying the ynoxinul flood into your mind.
You slice the ynoxinul like a ripe choko!!!
You are no longer entranced.
You kill the ynoxinul!
Qazlal accepts your kill.
No target in view!
You start resting.
Magic restored.
There is a staircase leading out of the dungeon here.
You have escaped!

.....\.[.÷..▓.........))..▓...8©8
)...........▓..▓.....)|▓..▓..[)§:
............▓..........)..▓...§:)
.....)......▓.............▓..÷§.§
........÷...▓.............▓......
............▓▓▓▓▓▓▓▓▓▓▓▓▓▓▓..÷...
............▓8888888888888▓......
▓.......▓...▓8....§......8▓......
....(.......▓8§.@§§......8▓.▓....
............▓8.§...§.....8▓......
............▓8888888888888▓▓▓▓▓▓▓
▓▓▓▓▓▓▓▓▓▓▓▓▓▓▓▓▓▓▓▓▓▓▓▓▓▓▓▓▓▓▓▓▓
.....8©8...... ▓.....§§.8©8.....
})[})[§}[))))= ▓../.\[§}.}§.[.[:
|)}|§)§§})|[|: ▓.):))§)|.|.).)..
).[})§)§)|!}}) ▓.?=))....}†}....
..[....§...... ▓...)..}[})|)....


There were no monsters in sight!

Vanquished Creatures
  Mnoleg (D)
  Dispater (D)
  Tiamat (D)
  the iron giant (D)
  the Lernaean hydra (D)
  Margery (D)
  Norris (D)
  Saint Roka (D)
  A caustic shrike (shapeshifter) (D)
  Geryon (D)
  A golden dragon (shapeshifter) (D)
  A bone dragon (D)
  4 liches (D)
  Rupert (D)
  A Shadow Fiend (D)
  A quicksilver dragon (D)
  4 deep elf master archers (D)
  4 titans (shapeshifter) (D)
  Gastronok (D)
  14 shadow dragons (D)
  2 azure jellies (D)
  Frances (D)
  3 shadow dragons (shapeshifter) (D)
  A daeva (D)
  2 frost giants (D)
  5 greater nagas (D)
  Donald (D)
  2 orc warlords (D)
  Maud (D)
  3 iron dragons (D)
  A frost giant (shapeshifter) (D)
  An angel (D)
  9 ghouls (D)
  An apis (D)
  9 stone giants (D)
  3 vampire knights (D)
  Azrael (D)
  A deep elf annihilator (D)
  5 merfolk javelineers (D)
  4 crystal guardians (D)
  A death ooze (D)
  A great orb of eyes (D)
  A fire dragon (D)
  4 yaktaur captains (D)
  A great orb of eyes (shapeshifter) (D)
  Erolcha (D)
  An ice dragon (D)
  2 merfolk avatars (D)
  13 naga warriors (D)
  A ghost crab (shapeshifter) (D)
  An anaconda (shapeshifter) (D)
  12 anacondas (D)
  An alligator snapping turtle (D)
  5 centaur warriors (D)
  A vampire mage (D)
  2 merfolk aquamancers (D)
  A shock serpent (shapeshifter) (D)
  3 iron golems (D)
  Sonja (D)
  Nergalle (D)
  23 soul eaters (D)
  2 ice devils (D)
  8 skeletal warriors (D)
  A deep elf knight (D)
  A cherub (D)
  3 death drakes (D)
  2 sea snakes (D)
  A lindwurm (shapeshifter) (D)
  A swamp dragon (D)
  A hill giant (D)
  A flayed ghost (D)
  A phantasmal warrior (D)
  A griffon (D)
  A deep elf conjurer (D)
  A wolf spider (shapeshifter) (D)
  2 elephants (shapeshifter) (D)
  10 cyclopes (D)
  A manticore (D)
  4 necromancers (D)
  An orc sorcerer (D)
  A siren (D)
  A spiny frog (D)
  5 naga magi (D)
  A moth of wrath (shapeshifter) (D)
  An eye of devastation (D)
  12 guardian serpents (D)
  A gargoyle (D)
  A yaktaur (shapeshifter) (D)
  7 black mambas (D)
  A hellion (D)
  6 yaktaurs (D)
  A fire drake (D)
  3 trolls (D)
  A queen bee (shapeshifter) (D)
  A wind drake (shapeshifter) (D)
  2 deep elf priests (D)
  3 tormentors (D)
  A red devil (D)
  2 merfolk (D)
  A jumping spider (shapeshifter) (D)
  A merfolk (shapeshifter) (D)
  A polar bear (shapeshifter) (D)
  Prince Ribbit (D)
  A blink frog (shapeshifter) (D)
  A jumping spider (D)
  3 slime creatures (D)
  3 two-headed ogres (D)
  8 shadows (D)
  A snapping turtle (shapeshifter) (D)
  A snapping turtle (D)
  Sigmund (D)
  2 yaks (D)
  5 flying skulls (D)
  4 spriggans (D)
  A wraith (D)
  A ynoxinul (D)
  2 hippogriffs (shapeshifter) (D)
  2 golden eyes (shapeshifter) (D)
  A yak (shapeshifter) (D)
  5 deep elf fighters (D)
  Grum (D)
  A basilisk (D)
  A hippogriff (D)
  A golden eye (D)
  A mottled dragon (D)
  2 deep elf magi (D)
  9 nagas (D)
  2 neqoxecs (D)
  3 wolves (D)
  A soldier ant (shapeshifter) (D)
  10 water moccasins (D)
  Duvessa (D)
  An ice beast (D)
  Purgy (D)
  A spider (shapeshifter) (D)
  2 swamp drakes (D)
  2 phantoms (D)
  An orc warrior (D)
  2 black bears (D)
  5 necrophages (D)
  11 centaurs (D)
  2 ogres (D)
  Blork the orc (D)
  6 earth elementals (D)
  4 scorpions (D)
  5 wights (D)
  A lava snake (shapeshifter) (D)
  A crimson imp (D)
  2 jellies (D)
  An orc wizard (D)
  Terence (D)
  An iguana (D)
  2 sheep (D)
  A mummy (D)
  A river rat (D)
  4 adders (D)
  4 shadow imps (D)
  2 oozes (D)
  6 adder zombies (D)
  13 adder skeletons (D)
  12 orcs (D)
  19 bat skeletons (D)
  8 bat zombies (D)
  4 ball pythons (D)
  2 ball python skeletons (D)
  5 giant cockroach zombies (D)
  7 giant gecko skeletons (D)
  5 giant gecko zombies (D)
  2 goblins (D)
  2 jackals (D)
  4 jackal skeletons (D)
  2 jackal zombies (D)
  3 quokka skeletons (D)
  3 quokka zombies (D)
510 creatures vanquished.

Vanquished Creatures (collateral kills)
  A great orb of eyes (D)
  A hydra (D)
  A giant orange brain (D)
  A deep elf conjurer (D)
  An ugly thing (D)
  A neqoxec (D)
  A jackal skeleton (D)
7 creatures vanquished.

Vanquished Creatures (others)
  An eldritch tentacle (D)
  121 eldritch tentacle segments (D)
122 creatures vanquished.

Grand Total: 639 creatures vanquished

Notes
Turn   | Place    | Note
--------------------------------------------------------------
     0 | D        | ztt the Hill Orc Fighter began the quest for the Orb.
     0 | D        | Reached XP level 1. HP: 19/19 MP: 1/1
     4 | D        | Found a roughly hewn altar of Beogh.
     4 | D        | Found a viscous altar of Jiyva.
     4 | D        | Found a corrupted altar of Lugonu.
     4 | D        | Found a white marble altar of Elyvilon.
     4 | D        | Found a sparkling altar of Nemelex Xobeh.
     5 | D        | Found a burning altar of Makhleb.
     5 | D        | Found an iron altar of Okawaru.
     5 | D        | Found a deep blue altar of Sif Muna.
     5 | D        | Found a radiant altar of Vehumet.
     5 | D        | Found a bloodstained altar of Trog.
     5 | D        | Found a shimmering altar of Xom.
    77 | D        | Became a worshipper of Qazlal Stormbringer
    78 | D        | Reached skill level 6 in Fighting
    78 | D        | Reached skill level 5 in Invocations
    78 | D        | Reached XP level 2. HP: 23/30 MP: 1/5
   149 | D        | Entered arena 1.
   149 | D        | Noticed a wolf
   151 | D        | Killed a wolf
   151 | D        | Reached skill level 7 in Fighting
   151 | D        | Reached skill level 5 in Armour
   151 | D        | Reached skill level 5 in Shields
   151 | D        | Reached XP level 3. HP: 34/40 MP: 6/8
   151 | D        | Reached XP level 4. HP: 40/48 MP: 6/9
   151 | D        | Reached XP level 5. HP: 44/53 MP: 6/10
   205 | D        | Entered arena 2.
   205 | D        | Noticed a deep elf fighter
   205 | D        | Noticed a deep elf fighter
   205 | D        | Noticed a deep elf knight
   209 | D        | Killed a deep elf fighter
   209 | D        | Acquired Qazlal's first power
   209 | D        | Reached skill level 8 in Fighting
   209 | D        | Reached XP level 6. HP: 36/62 MP: 10/12
   211 | D        | Killed a deep elf fighter
   211 | D        | Reached skill level 9 in Fighting
   211 | D        | Killed a deep elf knight
   211 | D        | Reached skill level 10 in Fighting
   211 | D        | Reached skill level 10 in Invocations
   211 | D        | Reached XP level 7. HP: 34/73 MP: 10/14
   211 | D        | Reached XP level 8. HP: 37/81 MP: 10/15
   402 | D        | Entered arena 3.
   402 | D        | Noticed a jelly
   402 | D        | Noticed a golden eye
   402 | D        | Noticed a slime creature
   405 | D        | Acquired Qazlal's second power
   406 | D        | Killed a slime creature
   406 | D        | Reached skill level 11 in Fighting
   406 | D        | Killed a golden eye
   406 | D        | Reached skill level 10 in Armour
   407 | D        | Killed a jelly
   416 | D        | Entered arena 4.
   416 | D        | Noticed a deep elf priest
   416 | D        | Noticed a deep elf mage
   416 | D        | Noticed a deep elf conjurer
   416 | D        | Noticed a deep elf fighter
   419 | D        | Killed a deep elf fighter
   419 | D        | Acquired Qazlal's third power
   421 | D        | Killed a deep elf mage
   422 | D        | Killed a deep elf conjurer
   422 | D        | Reached skill level 12 in Fighting
   422 | D        | Reached skill level 10 in Axes
   422 | D        | Reached skill level 10 in Shields
   422 | D        | Reached XP level 9. HP: 71/90 MP: 17/17
   423 | D        | Killed a deep elf priest
   496 | D        | Entered arena 5.
   496 | D        | Noticed a scorpion
   496 | D        | Noticed a scorpion
   496 | D        | Noticed a scorpion
   496 | D        | Noticed a jumping spider
   496 | D        | Noticed a scorpion
   498 | D        | Killed a jumping spider
   498 | D        | Acquired Qazlal's fourth power
   498 | D        | Killed a scorpion
   499 | D        | Killed a scorpion
   500 | D        | Killed a scorpion
   502 | D        | Killed a scorpion
   508 | D        | Entered arena 6.
   508 | D        | Noticed a deep elf fighter
   508 | D        | Noticed a deep elf annihilator
   508 | D        | Noticed a deep elf conjurer
   508 | D        | Noticed a deep elf mage
   508 | D        | Noticed a deep elf fighter
   508 | D        | Noticed a deep elf priest
   514 | D        | Killed a deep elf mage
   514 | D        | Acquired Qazlal's fifth power
   514 | D        | Killed a deep elf fighter
   515 | D        | Killed a deep elf priest
   515 | D        | Reached skill level 13 in Fighting
   518 | D        | Killed a deep elf conjurer
   518 | D        | Reached XP level 10. HP: 101/101 MP: 19/19
   519 | D        | Killed a deep elf fighter
   520 | D        | Killed a deep elf annihilator
   531 | D        | Entered arena 7.
   531 | D        | Noticed a green ugly thing
   531 | D        | Noticed a neqoxec
   531 | D        | Noticed a neqoxec
   531 | D        | Noticed a polar bear
   531 | D        | Noticed a golden eye
   531 | D        | Noticed a neqoxec
   537 | D        | Killed a neqoxec
   537 | D        | Killed a green ugly thing
   538 | D        | Killed a golden eye
   542 | D        | Killed a neqoxec
   543 | D        | Killed a neqoxec
   545 | D        | Killed a polar bear
   545 | D        | Reached skill level 14 in Fighting
   559 | D        | Entered arena 8.
   559 | D        | Noticed a basilisk
   559 | D        | Noticed a spiny frog
   559 | D        | Noticed a yak
   559 | D        | Noticed a yak
   559 | D        | Noticed an iguana
   563 | D        | Killed a yak
   563 | D        | Killed an iguana
   565 | D        | Killed a spiny frog
   566 | D        | Killed a yak
   566 | D        | Killed a basilisk
   572 | D        | Got the ring of Henotheism {*Contam Str+5 Int+6}
   575 | D        | Entered arena 9.
   575 | D        | Noticed a wolf
   575 | D        | Noticed a spriggan
   575 | D        | Noticed a wolf
   575 | D        | Noticed a black bear
   575 | D        | Noticed a black bear
   575 | D        | Noticed a spriggan
   575 | D        | Noticed a spriggan
   575 | D        | Noticed a spriggan
   576 | D        | Killed a wolf
   579 | D        | Killed a spriggan
   580 | D        | Killed a spriggan
   580 | D        | Killed a wolf
   580 | D        | Reached XP level 11. HP: 109/111 MP: 21/21
   581 | D        | Killed a spriggan
   582 | D        | Killed a black bear
   582 | D        | Killed a spriggan
   583 | D        | Killed a black bear
   592 | D        | Entered arena 10.
   592 | D        | Noticed a centaur
   592 | D        | Noticed a hippogriff
   592 | D        | Noticed a merfolk
   592 | D        | Noticed a centaur
   592 | D        | Noticed a centaur
   592 | D        | Noticed a centaur
   592 | D        | Noticed a cyclops
   596 | D        | Killed a centaur
   597 | D        | Killed a hippogriff
   598 | D        | Killed a centaur
   600 | D        | Killed a centaur
   601 | D        | Killed a centaur
   602 | D        | Killed a merfolk
   602 | D        | Reached skill level 15 in Axes
   602 | D        | Reached skill level 15 in Invocations
   604 | D        | Killed a cyclops
   609 | D        | Entered arena 11.
   609 | D        | Noticed a cherub
   610 | D        | Noticed an angel
   610 | D        | Noticed a daeva
   610 | D        | Noticed an apis
   623 | D        | Killed an apis
   623 | D        | Reached skill level 15 in Fighting
   623 | D        | Reached skill level 1 in Stealth
   624 | D        | Killed an angel
   624 | D        | Reached skill level 16 in Axes
   636 | D        | Killed a cherub
   641 | D        | Killed a daeva
  1030 | D        | Entered arena 12.
  1030 | D        | Noticed a fire drake
  1030 | D        | Noticed a swamp drake
  1030 | D        | Noticed a swamp dragon
  1030 | D        | Noticed a fire dragon
  1030 | D        | Noticed a death drake
  1031 | D        | Noticed a six-headed hydra
  1031 | D        | Noticed a death drake
  1031 | D        | Noticed an ice dragon
  1031 | D        | Noticed a death drake
  1031 | D        | Killed a fire drake
  1031 | D        | Killed a death drake
  1031 | D        | Reached skill level 17 in Axes
  1031 | D        | Reached skill level 15 in Shields
  1031 | D        | Killed a fire dragon
  1031 | D        | Reached XP level 12. HP: 120/122 MP: 24/24
  1031 | D        | Killed an ice dragon
  1031 | D        | Killed a death drake
  1031 | D        | Killed a mottled dragon
  1031 | D        | Killed a swamp drake
  1032 | D        | Killed a death drake
  1032 | D        | Killed a swamp dragon
  1037 | D        | Killed a swamp drake
  1045 | D        | Killed a nine-headed hydra
  1045 | D        | Reached skill level 18 in Axes
  1299 | D        | Entered arena 13.
  1300 | D        | Noticed a hill giant
  1300 | D        | Noticed a stone giant
  1300 | D        | Noticed a two-headed ogre
  1300 | D        | Noticed a two-headed ogre
  1300 | D        | Noticed a frost giant
  1301 | D        | Noticed a troll
  1301 | D        | Noticed a troll
  1302 | D        | Noticed a troll
  1304 | D        | Noticed an ogre
  1307 | D        | Killed a hill giant
  1310 | D        | Noticed a frost giant
  1310 | D        | Killed a troll
  1311 | D        | Killed a two-headed ogre
  1313 | D        | Noticed a cyclops
  1315 | D        | Noticed a two-headed ogre
  1316 | D        | Killed a troll
  1317 | D        | Killed a frost giant
  1321 | D        | Killed a two-headed ogre
  1322 | D        | Killed a stone giant
  1323 | D        | Killed a troll
  1324 | D        | Killed a frost giant
  1324 | D        | Reached skill level 19 in Axes
  1325 | D        | Killed a cyclops
  1326 | D        | Killed a two-headed ogre
  1326 | D        | Killed an ogre
  1577 | D        | Entered arena 14.
  1578 | D        | Noticed a giant orange brain
  1578 | D        | Noticed a great orb of eyes
  1578 | D        | Noticed a great orb of eyes
  1579 | D        | Noticed an azure jelly
  1579 | D        | Noticed a slime creature
  1579 | D        | Noticed an azure jelly
  1579 | D        | Noticed a jelly
  1580 | D        | Noticed a death ooze
  1580 | D        | Noticed a slime creature
  1581 | D        | Noticed an eye of devastation
  1585 | D        | Killed a jelly
  1586 | D        | Noticed a slime creature
  1587 | D        | Killed an azure jelly
  1587 | D        | Reached skill level 1 in Dodging
  1587 | D        | Reached XP level 13. HP: 130/130 MP: 26/26
  1588 | D        | Killed a great orb of eyes
  1589 | D        | Killed a large slime creature
  1590 | D        | Killed a death ooze
  1591 | D        | Noticed a slime creature
  1593 | D        | Killed an azure jelly
  1593 | D        | Reached skill level 20 in Axes
  1597 | D        | Killed a large slime creature
  1597 | D        | Killed an eye of devastation
  1598 | D        | Killed a great orb of eyes
  1604 | D        | Killed a giant orange brain
  1610 | D        | Got the ring of Zigiriw {+Fly rC+ rN+}
  1621 | D        | Entered arena 15.
  1622 | D        | Noticed a sea snake
  1622 | D        | Noticed a manticore
  1622 | D        | Noticed a merfolk aquamancer
  1622 | D        | Noticed a griffon
  1622 | D        | Noticed an alligator snapping turtle
  1622 | D        | Noticed a merfolk avatar
  1622 | D        | Noticed a merfolk javelineer
  1622 | D        | Noticed a merfolk avatar
  1622 | D        | Noticed a snapping turtle
  1622 | D        | Noticed a sea snake
  1623 | D        | Noticed a siren
  1624 | D        | Noticed a merfolk
  1624 | D        | Noticed a merfolk javelineer
  1624 | D        | Noticed a merfolk aquamancer
  1624 | D        | Killed a merfolk aquamancer
  1624 | D        | Killed a merfolk aquamancer
  1624 | D        | Killed a griffon
  1624 | D        | Killed a merfolk
  1624 | D        | Killed a sea snake
  1624 | D        | Reached skill level 21 in Axes
  1624 | D        | Killed a manticore
  1624 | D        | Killed a sea snake
  1624 | D        | Killed a merfolk avatar
  1624 | D        | Killed a merfolk javelineer
  1625 | D        | Killed a siren
  1625 | D        | Killed a merfolk avatar
  1625 | D        | Killed a snapping turtle
  1625 | D        | Killed a merfolk javelineer
  1629 | D        | Killed an alligator snapping turtle
  1697 | D        | Entered arena 16.
  1699 | D        | Noticed a hellion
  1699 | D        | Noticed a lich
  1699 | D        | Noticed a phantom
  1699 | D        | Noticed a necrophage
  1700 | D        | Noticed a flying skull
  1700 | D        | Noticed a red devil
  1700 | D        | Noticed a crimson imp
  1700 | D        | Noticed a shadow
  1700 | D        | Noticed a shadow
  1700 | D        | Noticed a wight
  1700 | D        | Noticed a flying skull
  1701 | D        | Killed a flying skull
  1701 | D        | Reached skill level 22 in Axes
  1701 | D        | Killed a flying skull
  1701 | D        | Killed a necrophage
  1701 | D        | Killed a crimson imp
  1701 | D        | Killed a wight
  1701 | D        | Killed a shadow
  1701 | D        | Killed a shadow
  1701 | D        | Killed a red devil
  1701 | D        | Killed a phantom
  1702 | D        | Killed a hellion
  1702 | D        | Killed a lich
  1702 | D        | Reached XP level 14. HP: 129/144 MP: 20/28
  1772 | D        | Entered arena 17.
  1774 | D        | Noticed a crystal guardian
  1774 | D        | Noticed an iron golem
  1774 | D        | Noticed a crystal guardian
  1774 | D        | Noticed a gargoyle
  1774 | D        | Noticed a crystal guardian
  1774 | D        | Noticed a quicksilver dragon
  1775 | D        | Noticed an iron dragon
  1775 | D        | Noticed an earth elemental
  1775 | D        | Noticed an earth elemental
  1775 | D        | Killed a gargoyle
  1775 | D        | Killed an earth elemental
  1775 | D        | Killed an earth elemental
  1775 | D        | Killed a crystal guardian
  1775 | D        | Killed a crystal guardian
  1775 | D        | Killed an earth elemental
  1776 | D        | Noticed a crystal guardian
  1776 | D        | Noticed an earth elemental
  1776 | D        | Killed a quicksilver dragon
  1776 | D        | Killed a crystal guardian
  1776 | D        | Killed an iron dragon
  1776 | D        | Reached skill level 23 in Axes
  1777 | D        | Noticed an iron golem
  1777 | D        | Noticed an iron golem
  1777 | D        | Noticed an earth elemental
  1777 | D        | Noticed an iron dragon
  1778 | D        | Noticed an earth elemental
  1778 | D        | Killed an earth elemental
  1778 | D        | Killed a crystal guardian
  1778 | D        | Killed an iron golem
  1778 | D        | Killed an earth elemental
  1779 | D        | Noticed an iron dragon
  1780 | D        | Killed an earth elemental
  1780 | D        | Killed an iron dragon
  1788 | D        | Killed an iron dragon
  1789 | D        | Killed an iron golem
  1791 | D        | Killed an iron golem
  1982 | D        | Entered arena 18.
  1985 | D        | Noticed an orc warlord
  1987 | D        | Noticed an ogre
  1988 | D        | Noticed an orc sorcerer
  1989 | D        | Noticed an orc warlord
  1990 | D        | Noticed an orc warrior
  1990 | D        | Noticed an orc wizard
  1991 | D        | Killed an orc sorcerer
  1991 | D        | Reached skill level 24 in Invocations
  1991 | D        | Killed an ogre
  1991 | D        | Killed an orc wizard
  1991 | D        | Killed an orc warrior
  1991 | D        | Killed an orc warlord
  1991 | D        | Killed an orc warlord
  1996 | D        | Got the amulet "Vesead" {Spirit MR+++ Str-2 Dex+4 Stlth+}
  2016 | D        | Got the +2 pair of boots "Xozod" {Dex+3}
  2027 | D        | Entered arena 19.
  2037 | D        | Noticed a phantasmal warrior
  2037 | D        | Noticed an ice beast
  2039 | D        | Noticed a flying skull
  2039 | D        | Killed a phantasmal warrior
  2040 | D        | Noticed a shadow
  2040 | D        | Noticed an ice devil
  2040 | D        | Noticed an ice devil
  2040 | D        | Noticed a wraith
  2040 | D        | Noticed a phantom
  2043 | D        | Killed a flying skull
  2046 | D        | Noticed a tormentor
  2046 | D        | Noticed a skeletal warrior
  2046 | D        | Killed an ice devil
  2046 | D        | Reached skill level 25 in Invocations
  2047 | D        | Noticed a shadow
  2048 | D        | Killed an ice beast
  2049 | D        | Killed a shadow
  2050 | D        | Killed a phantom
  2050 | D        | Killed an ice devil
  2054 | D        | Killed a tormentor
  2056 | D        | Killed a skeletal warrior
  2056 | D        | Killed a shadow
  2056 | D        | Killed a wraith
  2096 | D        | Got the +2 cloak "Dyesirgh" {rF++ MR- SInv}
  2110 | D        | Got the amulet "Pyrirphe" {rMut rF+ SInv}
  2117 | D        | Entered arena 20.
  2187 | D        | Noticed an anaconda
  2188 | D        | Noticed a naga mage
  2188 | D        | Noticed an anaconda
  2188 | D        | Noticed a guardian serpent
  2188 | D        | Noticed a naga warrior
  2188 | D        | Noticed an anaconda
  2188 | D        | Noticed a greater naga
  2189 | D        | Killed a naga mage
  2190 | D        | Noticed a naga mage
  2191 | D        | Noticed a black mamba
  2191 | D        | Noticed an anaconda
  2192 | D        | Noticed a water moccasin
  2192 | D        | Noticed a water moccasin
  2193 | D        | Noticed an anaconda
  2193 | D        | Noticed a black mamba
  2193 | D        | Noticed a naga warrior
  2193 | D        | Killed an anaconda
  2194 | D        | Noticed a water moccasin
  2194 | D        | Killed an anaconda
  2194 | D        | Killed a greater naga
  2194 | D        | Killed a naga warrior
  2195 | D        | Killed an anaconda
  2195 | D        | Reached XP level 15. HP: 82/154 MP: 17/31
  2195 | D        | Killed a water moccasin
  2195 | D        | Reached skill level 26 in Invocations
  2195 | D        | Killed a black mamba
  2195 | D        | Killed a black mamba
  2195 | D        | Killed a water moccasin
  2195 | D        | Killed a naga mage
  2195 | D        | Killed an anaconda
  2195 | D        | Killed a water moccasin
  2195 | D        | Killed a naga warrior
  2195 | D        | Killed an anaconda
  2195 | D        | Reached skill level 15 in Armour
  2196 | D        | Noticed a naga warrior
  2196 | D        | Noticed a naga warrior
  2198 | D        | Killed a guardian serpent
  2199 | D        | Killed a naga warrior
  2200 | D        | Noticed a naga warrior
  2201 | D        | Noticed a greater naga
  2201 | D        | Killed a naga warrior
  2202 | D        | Noticed a naga mage
  2204 | D        | Noticed a naga warrior
  2207 | D        | Killed a naga warrior
  2207 | D        | Killed a greater naga
  2207 | D        | Killed a naga warrior
  2207 | D        | Killed a naga mage
  2207 | D        | Killed a naga warrior
  2634 | D        | Entered arena 21.
  2637 | D        | Noticed Frances
  2637 | D        | Noticed the 27-headed Lernaean hydra
  2638 | D        | Noticed Rupert
  2638 | D        | Noticed Norris
  2638 | D        | Killed Duvessa
  2639 | D        | Noticed Tiamat
  2639 | D        | Killed the 27-headed Lernaean hydra
  2639 | D        | Reached skill level 27 in Invocations
  2639 | D        | Killed Frances
  2639 | D        | Killed Rupert
  2639 | D        | Killed Norris
  2640 | D        | Noticed Mnoleg
  2640 | D        | Noticed Terence
  2640 | D        | Killed Nergalle
  2640 | D        | Reached skill level 5 in Stealth
  2640 | D        | Killed Terence
  2640 | D        | Killed Purgy
  2640 | D        | Killed Gastronok
  2641 | D        | Noticed Maud
  2641 | D        | Killed Maud
  2642 | D        | Noticed Margery
  2642 | D        | Noticed the iron giant
  2643 | D        | Noticed Sonja
  2643 | D        | Noticed Saint Roka
  2644 | D        | Noticed Donald
  2644 | D        | Noticed Azrael
  2644 | D        | Noticed Geryon
  2644 | D        | Killed Donald
  2644 | D        | Killed Sonja
  2644 | D        | Killed Grum
  2644 | D        | Killed Blork the orc
  2644 | D        | Killed Azrael
  2644 | D        | Killed Mnoleg
  2644 | D        | Reached skill level 27 in Axes
  2644 | D        | Reached XP level 16. HP: 149/170 MP: 33/33
  2644 | D        | Killed Tiamat
  2644 | D        | Killed the iron giant
  2644 | D        | Killed Margery
  2644 | D        | Killed Erolcha
  2646 | D        | Noticed an eldritch tentacle
  2646 | D        | Noticed Prince Ribbit
  2648 | D        | Noticed Dispater
  2649 | D        | Noticed Sigmund
  2653 | D        | Killed Prince Ribbit
  2653 | D        | Killed Saint Roka
  2653 | D        | Killed Sigmund
  2653 | D        | Killed Geryon
  2657 | D        | Noticed a Shadow Fiend
  2657 | D        | Killed a Shadow Fiend
  2661 | D        | Killed Dispater
  2678 | D        | Killed an eldritch tentacle
  2732 | D        | Got the ring "Totamaiw" {rElec rF+ rC+ MR+}
  2883 | D        | Entered arena 22.
  2896 | D        | Noticed a shard shrike
  2896 | D        | Noticed a snapping turtle
  2896 | D        | Noticed a yak
  2896 | D        | Noticed a queen bee
  2896 | D        | Noticed a wolf spider
  2896 | D        | Noticed a titan
  2896 | D        | a shard shrike changed into a titan
  2897 | D        | Noticed a shard shrike
  2897 | D        | Noticed a shard shrike
  2898 | D        | Noticed an anaconda
  2898 | D        | Noticed a hippogriff
  2898 | D        | Noticed a moth of wrath
  2898 | D        | Noticed a titan
  2898 | D        | a shard shrike changed into a titan
  2898 | D        | Noticed a titan
  2898 | D        | a shard shrike changed into a titan
  2899 | D        | Noticed a spider
  2899 | D        | Noticed a sea snake
  2899 | D        | Noticed a soldier ant
  2899 | D        | Noticed a yaktaur
  2899 | D        | Killed a hippogriff
  2899 | D        | Killed a snapping turtle
  2899 | D        | Killed a moth of wrath
  2899 | D        | Killed a spider
  2899 | D        | Killed a queen bee
  2899 | D        | Killed a yak
  2899 | D        | Killed a yaktaur
  2899 | D        | Killed a titan
  2899 | D        | Killed a titan
  2899 | D        | Reached XP level 17. HP: 183/185 MP: 34/34
  2899 | D        | Killed a wolf spider
  2899 | D        | a sea snake changed into a cyclops
  2899 | D        | Noticed a shard shrike
  2899 | D        | a titan changed into a shard shrike
  2900 | D        | Noticed a torpor snail
  2900 | D        | Noticed a titan
  2900 | D        | Noticed a golden eye
  2900 | D        | a torpor snail changed into a lindwurm
  2900 | D        | Noticed a titan
  2900 | D        | a shard shrike changed into a titan
  2901 | D        | Noticed a hippogriff
  2901 | D        | Noticed a caustic shrike
  2901 | D        | Killed a soldier ant
  2901 | D        | Killed an anaconda
  2901 | D        | Killed a golden eye
  2901 | D        | Killed a hippogriff
  2901 | D        | Killed a titan
  2901 | D        | Killed a titan
  2901 | D        | Reached skill level 5 in Dodging
  2902 | D        | Noticed a jumping spider
  2903 | D        | Killed a jumping spider
  2904 | D        | Noticed a caustic shrike
  2906 | D        | Noticed a shard shrike
  2906 | D        | Noticed a golden dragon
  2906 | D        | a shard shrike changed into a golden dragon
  2906 | D        | Noticed a golden dragon
  2906 | D        | a caustic shrike changed into a golden dragon
  2907 | D        | Noticed a caustic shrike
  2907 | D        | Killed a caustic shrike
  2908 | D        | Noticed a golden dragon
  2908 | D        | a caustic shrike changed into a golden dragon
  2910 | D        | Killed a golden dragon
  2910 | D        | a golden dragon changed into a shadow dragon
  2910 | D        | a golden dragon changed into a shadow dragon
  2910 | D        | Noticed a golden dragon
  2910 | D        | an iron dragon changed into a golden dragon
  2910 | D        | Noticed a caustic shrike
  2910 | D        | a golden dragon changed into a caustic shrike
  2911 | D        | Reached skill level 27 in Shields
  2913 | D        | Noticed a golden dragon
  2913 | D        | a caustic shrike changed into a golden dragon
  2916 | D        | Noticed a quicksilver dragon
  2916 | D        | a golden dragon changed into a quicksilver dragon
  2918 | D        | Reached skill level 27 in Fighting
  2923 | D        | a quicksilver dragon changed into a shadow dragon
  3040 | D        | Entered arena 23.
  3040 | D        | Noticed a wight
  3040 | D        | Noticed a wight
  3041 | D        | Noticed a vampire knight
  3041 | D        | Noticed a vampire knight
  3042 | D        | Noticed a necrophage
  3042 | D        | Killed a wight
  3044 | D        | Noticed a necrophage
  3044 | D        | Noticed a vampire mage
  3046 | D        | Killed a wight
  3048 | D        | Noticed a necrophage
  3049 | D        | Killed a necrophage
  3050 | D        | Killed a vampire knight
  3052 | D        | Noticed a vampire knight
  3052 | D        | Noticed a ghoul
  3052 | D        | Noticed a ghoul
  3052 | D        | Noticed a lich
  3053 | D        | Noticed a lich
  3053 | D        | Noticed a ghoul
  3053 | D        | Noticed a skeletal warrior
  3053 | D        | Killed a necrophage
  3054 | D        | Noticed a shadow
  3054 | D        | Killed a vampire knight
  3055 | D        | Noticed a skeletal warrior
  3055 | D        | Noticed a skeletal warrior
  3055 | D        | Noticed a skeletal warrior
  3056 | D        | Noticed a skeletal warrior
  3056 | D        | Noticed a skeletal warrior
  3056 | D        | Killed a vampire mage
  3057 | D        | Noticed a necromancer
  3057 | D        | Noticed a lich
  3057 | D        | Killed a necrophage
  3058 | D        | Noticed a necromancer
  3058 | D        | Noticed a necromancer
  3058 | D        | Noticed a shadow
  3062 | D        | Killed a shadow
  3062 | D        | Killed a necromancer
  3062 | D        | Reached skill level 10 in Stealth
  3062 | D        | Killed a skeletal warrior
  3062 | D        | Killed a necromancer
  3062 | D        | Killed a shadow
  3062 | D        | Killed a lich
  3062 | D        | Killed a skeletal warrior
  3062 | D        | Killed a skeletal warrior
  3062 | D        | Killed a ghoul
  3062 | D        | Killed a vampire knight
  3062 | D        | Killed a lich
  3062 | D        | Killed a skeletal warrior
  3062 | D        | Killed a necromancer
  3062 | D        | Killed a skeletal warrior
  3062 | D        | Killed a skeletal warrior
  3062 | D        | Killed a lich
  3062 | D        | Killed a ghoul
  3062 | D        | Killed a ghoul
  3062 | D        | Killed a wight
  3063 | D        | Noticed a skeletal warrior
  3065 | D        | Noticed a necromancer
  3065 | D        | Noticed a wight
  3072 | D        | Killed a wight
  3074 | D        | Killed a necromancer
  3086 | D        | Killed a skeletal warrior
  3098 | D        | Entered arena 24.
  3104 | D        | Noticed a deep elf master archer
  3104 | D        | Noticed a cyclops
  3104 | D        | Noticed a stone giant
  3104 | D        | Noticed a deep elf master archer
  3104 | D        | Noticed a stone giant
  3104 | D        | Noticed a cyclops
  3105 | D        | Noticed a centaur warrior
  3105 | D        | Noticed a stone giant
  3105 | D        | Noticed a yaktaur captain
  3105 | D        | Noticed a centaur
  3105 | D        | Noticed a deep elf master archer
  3105 | D        | Noticed a stone giant
  3105 | D        | Noticed a stone giant
  3105 | D        | Noticed a cyclops
  3105 | D        | Noticed a yaktaur captain
  3105 | D        | Noticed a centaur warrior
  3105 | D        | Noticed a deep elf master archer
  3105 | D        | Noticed a cyclops
  3105 | D        | Noticed a cyclops
  3105 | D        | Noticed a cyclops
  3105 | D        | Noticed a centaur
  3105 | D        | Noticed a merfolk javelineer
  3106 | D        | Noticed a stone giant
  3106 | D        | Noticed a yaktaur
  3106 | D        | Noticed a yaktaur
  3106 | D        | Killed a cyclops
  3106 | D        | Killed a deep elf master archer
  3106 | D        | Killed a cyclops
  3106 | D        | Killed a yaktaur
  3106 | D        | Killed a centaur warrior
  3106 | D        | Killed a centaur
  3106 | D        | Killed a cyclops
  3106 | D        | Killed a stone giant
  3106 | D        | Reached XP level 18. HP: 196/200 MP: 35/35
  3106 | D        | Killed a deep elf master archer
  3106 | D        | Killed a stone giant
  3106 | D        | Killed a yaktaur
  3106 | D        | Killed a stone giant
  3106 | D        | Killed a deep elf master archer
  3106 | D        | Killed a cyclops
  3106 | D        | Killed a yaktaur captain
  3106 | D        | Killed a cyclops
  3106 | D        | Killed a centaur warrior
  3106 | D        | Killed a merfolk javelineer
  3106 | D        | Killed a centaur
  3106 | D        | Killed a centaur
  3106 | D        | Killed a yaktaur captain
  3106 | D        | Killed a yaktaur
  3106 | D        | Killed a yaktaur
  3106 | D        | Killed a cyclops
  3106 | D        | Killed a centaur
  3106 | D        | Killed a centaur
  3106 | D        | Killed a merfolk javelineer
  3107 | D        | Noticed a yaktaur
  3107 | D        | Noticed a centaur warrior
  3107 | D        | Noticed a centaur
  3107 | D        | Killed a yaktaur captain
  3107 | D        | Killed a centaur warrior
  3107 | D        | Killed a stone giant
  3108 | D        | Noticed a merfolk javelineer
  3108 | D        | Noticed a centaur warrior
  3108 | D        | Noticed a yaktaur captain
  3108 | D        | Noticed a yaktaur
  3108 | D        | Noticed a stone giant
  3108 | D        | Noticed a centaur warrior
  3108 | D        | Identified the +9 short sword of the Scavenger {venom, Dex+6}
  3109 | D        | Killed a centaur
  3109 | D        | Killed a stone giant
  3109 | D        | Reached skill level 10 in Dodging
  3109 | D        | Killed a cyclops
  3109 | D        | Killed a centaur
  3109 | D        | Killed a centaur warrior
  3109 | D        | Killed a yaktaur
  3109 | D        | Killed a yaktaur
  3109 | D        | Reached skill level 27 in Armour
  3109 | D        | Killed a yaktaur captain
  3109 | D        | Killed a deep elf master archer
  3109 | D        | Killed a stone giant
  3109 | D        | Killed a merfolk javelineer
  3109 | D        | Killed a stone giant
  3109 | D        | Reached skill level 15 in Stealth
  3109 | D        | Killed a cyclops
  3109 | D        | Killed a centaur warrior
  3114 | D        | Noticed a stone giant
  3119 | D        | Killed a stone giant
  3195 | D        | Entered arena 25.
  3204 | D        | Noticed a shadow dragon
  3204 | D        | Noticed a soul eater
  3204 | D        | Noticed a soul eater
  3204 | D        | Noticed a soul eater
  3204 | D        | Noticed a soul eater
  3204 | D        | Noticed a ghoul
  3204 | D        | Noticed a shadow dragon
  3206 | D        | Noticed a soul eater
  3206 | D        | Noticed a tormentor
  3207 | D        | Noticed a shadow dragon
  3207 | D        | Noticed a shadow dragon
  3207 | D        | Noticed a ghoul
  3208 | D        | Killed a soul eater
  3208 | D        | Killed a tormentor
  3208 | D        | Killed a ghoul
  3208 | D        | Killed a soul eater
  3208 | D        | Killed a soul eater
  3208 | D        | Killed a soul eater
  3208 | D        | Killed a shadow dragon
  3208 | D        | Killed a shadow dragon
  3208 | D        | Killed a soul eater
  3208 | D        | Killed a shadow dragon
  3208 | D        | Killed a shadow dragon
  3209 | D        | Noticed a bone dragon
  3209 | D        | Noticed a soul eater
  3209 | D        | Noticed a soul eater
  3209 | D        | Noticed a shadow dragon
  3209 | D        | Noticed a shadow dragon
  3209 | D        | Noticed a shadow
  3209 | D        | Noticed a shadow dragon
  3210 | D        | Noticed a ghoul
  3210 | D        | Killed a ghoul
  3210 | D        | Killed a soul eater
  3210 | D        | Killed a shadow
  3211 | D        | Noticed a soul eater
  3211 | D        | Noticed a ghoul
  3211 | D        | Noticed a Shadow Fiend
  3211 | D        | Noticed a soul eater
  3211 | D        | Noticed a soul eater
  3212 | D        | Killed a shadow dragon
  3212 | D        | Killed a shadow dragon
  3212 | D        | Killed a soul eater
  3212 | D        | Killed a Shadow Fiend
  3212 | D        | Reached skill level 15 in Dodging
  3217 | D        | Killed a soul eater
  3217 | D        | Killed a soul eater
  3219 | D        | Killed a bone dragon
  3221 | D        | Killed a shadow dragon
  3222 | D        | Killed a soul eater
  3230 | D        | Killed a ghoul
  3234 | D        | Killed a ghoul
  3234 | D        | Reached skill level 5 in Spellcasting
  3331 | D        | Entered arena 26.
  3338 | D        | Noticed a water moccasin
  3338 | D        | Noticed a guardian serpent
  3338 | D        | Noticed a guardian serpent
  3338 | D        | Noticed a guardian serpent
  3339 | D        | Noticed a black mamba
  3339 | D        | Noticed a black mamba
  3339 | D        | Noticed an anaconda
  3339 | D        | Noticed a guardian serpent
  3339 | D        | Noticed an anaconda
  3339 | D        | Noticed a guardian serpent
  3339 | D        | Noticed a naga
  3339 | D        | Noticed a guardian serpent
  3339 | D        | Noticed a greater naga
  3339 | D        | Noticed a naga warrior
  3339 | D        | Noticed a naga mage
  3339 | D        | Noticed a guardian serpent
  3339 | D        | Noticed an anaconda
  3339 | D        | Noticed a water moccasin
  3339 | D        | Noticed an anaconda
  3339 | D        | Noticed an anaconda
  3340 | D        | Noticed a water moccasin
  3340 | D        | Noticed an anaconda
  3340 | D        | Noticed a black mamba
  3340 | D        | Noticed a water moccasin
  3340 | D        | Noticed a naga
  3340 | D        | Killed a naga mage
  3340 | D        | Killed a guardian serpent
  3340 | D        | Killed a guardian serpent
  3340 | D        | Killed an anaconda
  3340 | D        | Killed a naga warrior
  3340 | D        | Reached XP level 19. HP: 207/207 MP: 36/36
  3340 | D        | Killed a guardian serpent
  3340 | D        | Killed a naga
  3340 | D        | Killed a water moccasin
  3340 | D        | Killed a guardian serpent
  3340 | D        | Killed a naga
  3340 | D        | Killed an anaconda
  3340 | D        | Killed a water moccasin
  3340 | D        | Killed a black mamba
  3340 | D        | Killed a guardian serpent
  3340 | D        | Killed a black mamba
  3340 | D        | Killed an anaconda
  3340 | D        | Killed an anaconda
  3340 | D        | Killed a black mamba
  3340 | D        | Killed a guardian serpent
  3340 | D        | Killed a water moccasin
  3340 | D        | Killed an anaconda
  3340 | D        | Killed an anaconda
  3340 | D        | Reached skill level 10 in Spellcasting
  3340 | D        | Killed a black mamba
  3340 | D        | Killed a guardian serpent
  3340 | D        | Killed a guardian serpent
  3340 | D        | Killed a naga
  3341 | D        | Noticed a guardian serpent
  3341 | D        | Noticed a naga
  3341 | D        | Noticed a water moccasin
  3341 | D        | Noticed a naga warrior
  3341 | D        | Noticed a naga warrior
  3341 | D        | Noticed a greater naga
  3342 | D        | Noticed an anaconda
  3342 | D        | Noticed a guardian serpent
  3342 | D        | Noticed a water moccasin
  3342 | D        | Noticed a water moccasin
  3342 | D        | Noticed a naga
  3342 | D        | Killed a water moccasin
  3342 | D        | Killed a water moccasin
  3342 | D        | Killed a greater naga
  3342 | D        | Killed a naga
  3342 | D        | Killed a guardian serpent
  3342 | D        | Killed a naga
  3342 | D        | Killed a black mamba
  3342 | D        | Killed a water moccasin
  3342 | D        | Killed a naga warrior
  3342 | D        | Killed a guardian serpent
  3342 | D        | Killed a naga warrior
  3342 | D        | Killed a water moccasin
  3343 | D        | Noticed a naga warrior
  3343 | D        | Noticed a naga
  3343 | D        | Noticed a guardian serpent
  3343 | D        | Noticed a naga warrior
  3343 | D        | Noticed a naga warrior
  3343 | D        | Noticed a naga mage
  3343 | D        | Noticed a naga
  3343 | D        | Noticed a greater naga
  3344 | D        | Killed a naga
  3344 | D        | Killed a naga
  3344 | D        | Killed a guardian serpent
  3344 | D        | Killed a naga
  3344 | D        | Killed a naga warrior
  3344 | D        | Killed a naga
  3344 | D        | Killed a greater naga
  3344 | D        | Killed a greater naga
  3344 | D        | Killed an anaconda
  3346 | D        | Killed a naga warrior
  3346 | D        | Killed a naga warrior
  3346 | D        | Killed a naga mage
  3476 | D        | Entered arena 27.
  3483 | D        | Noticed a soul eater
  3484 | D        | Noticed a shadow dragon
  3484 | D        | Noticed a shadow dragon
  3484 | D        | Noticed a soul eater
  3484 | D        | Noticed a shadow dragon
  3484 | D        | Noticed a ghoul
  3485 | D        | Noticed a tormentor
  3485 | D        | Killed a soul eater
  3485 | D        | Killed a shadow dragon
  3485 | D        | Killed a tormentor
  3485 | D        | Killed a soul eater
  3485 | D        | Killed a ghoul
  3486 | D        | Noticed a soul eater
  3486 | D        | Noticed a soul eater
  3486 | D        | Noticed a soul eater
  3486 | D        | Noticed a necrophage
  3486 | D        | Noticed a shadow
  3486 | D        | Noticed a soul eater
  3486 | D        | Noticed a shadow dragon
  3487 | D        | Noticed a flying skull
  3487 | D        | Noticed a flying skull
  3487 | D        | Noticed a soul eater
  3487 | D        | Noticed a soul eater
  3487 | D        | Killed a necrophage
  3487 | D        | Killed a shadow
  3487 | D        | Killed a soul eater
  3487 | D        | Killed a shadow dragon
  3487 | D        | Killed a soul eater
  3487 | D        | Reached skill level 15 in Spellcasting
  3487 | D        | Killed a flying skull
  3487 | D        | Killed a soul eater
  3487 | D        | Killed a flying skull
  3487 | D        | Killed a soul eater
  3487 | D        | Killed a soul eater
  3487 | D        | Killed a soul eater
  3488 | D        | Noticed a soul eater
  3488 | D        | Killed a soul eater
  3488 | D        | Killed a soul eater
  3488 | D        | Killed a shadow dragon
  3488 | D        | Killed a shadow dragon
  3489 | D        | Noticed a shadow dragon
  3489 | D        | Noticed a soul eater
  3489 | D        | Noticed a shadow dragon
  3489 | D        | Noticed a shadow dragon
  3489 | D        | Noticed a flayed ghost
  3490 | D        | Noticed a soul eater
  3490 | D        | Killed a soul eater
  3490 | D        | Killed a soul eater
  3490 | D        | Killed a soul eater
  3490 | D        | Killed a shadow dragon
  3490 | D        | Killed a shadow dragon
  3491 | D        | Killed a flayed ghost
  3491 | D        | Killed a shadow dragon
  3495 | D        | Noticed a ghoul
  3501 | D        | Killed a ghoul
  3513 | D        | Got the Orb of Zot
  3635 | D        | Escaped with the Orb!

Vault maps used:
D:        sprint_v

Action                   |  1- 3 |  4- 6 |  7- 9 | 10-12 | 13-15 | 16-18 | 19-21 || total
-------------------------+-------+-------+-------+-------+-------+-------+-------++-------
Melee: Broad axe         |     1 |     4 |    21 |    93 |    49 |    77 |     6 ||   251
Invok: Disaster Area     |       |       |       |     2 |    15 |    17 |     9 ||    43
  Use: Potion            |     1 |       |       |     1 |     3 |     2 |       ||     7
       Scroll            |       |       |     1 |     4 |     6 |     3 |       ||    14
 Stab: Fleeing           |       |       |       |     1 |       |       |       ||     1
       Distracted        |       |       |       |       |     2 |     1 |       ||     3
  Eat: Meat ration       |       |       |       |     1 |       |     1 |       ||     2
